 Dungeon Crawl Stone Soup version 0.30-a0-297-g0ec75d9ef4 (webtiles) character file.

Game seed: 5388960685187592394

1424 ponyjar the Covert (level 8, -3/42 HPs)
             Began as a Spriggan Delver on Sept 24, 2022.
             Was a Follower of Dithmenos.
             Slain by an orc
             ... wielding a -2 morningstar
              (6 damage)
             ... on level 5 of the Dungeon on Oct 19, 2022.
             The game lasted 00:09:43 (6493 turns).

ponyjar the Covert (Spriggan Delver)                Turns: 6493, Time: 00:09:44

Health: -3/42      AC:  2    Str: 14    XL:     8   Next: 44%
Magic:  9/9        EV: 21    Int: 14    God:    Dithmenos [*.....]
Gold:   183        SH:  0    Dex: 16    Spells: 7/7 levels left

rFire   . . .      SeeInvis +    a - +0 short sword (flame)
rCold   . . .      Faith    .    (no shield)
rNeg    + . .      Spirit   .    b - +0 robe
rPois   .          Reflect  .    (helmet restricted)
rElec   .          Harm     .    (no cloak)
rCorr   .          Rampage  .    (gloves unavailable)
Will    +....                    (boots unavailable)
Stlth   +++++.....               (no amulet)
HPRegen 0.27/turn                j - ring of positive energy
MPRegen 0.11/turn                n - +6 ring of strength

@: wreathed by umbra, very quick
A: very small, no large weapons, unfitting armour, see invisible, speed 3
a: Renounce Religion


You were on level 5 of the Dungeon.
You worshipped Dithmenos.
Dithmenos was aware of your devotion.
You visited 2 branches of the dungeon, and saw 5 of its levels.

You collected 183 gold pieces.

Inventory:

Hand Weapons
 a - a +0 short sword of flaming (weapon)
Missiles
 e - 3 silver javelins
Armour
 b - a +0 robe (worn)
Magical Staves
 m - a staff of death
Jewellery
 h - a ring of magical power
 j - a ring of positive energy (left hand)
 n - a +6 ring of strength (right hand)
Wands
 g - a wand of digging (1)
 i - a wand of flame (20)
Scrolls
 c - a scroll of fog
 d - a scroll of magic mapping
 f - a scroll of teleportation
 k - 2 scrolls of identify
 p - a scroll of poison


   Skills:
 + Level 4.9 Fighting
 + Level 6.0 Short Blades
 + Level 7.4 Dodging
 + Level 10.8 Stealth


You had 7 spell levels left.
You didn't know any spells.
Your spell library contained the following spells:

 Spells                   Type           Power      Damage    Failure   Level
 Freeze                   Ice            0%         1d3       28%         1
 Ensorcelled Hibernation  Hex/Ice        0%         N/A       41%         2
 Passwall                 Tmut/Erth      0%         N/A       41%         2
 Frozen Ramparts          Ice            0%         1d1       65%         3
 Hailstorm                Conj/Ice       0%         3d3       65%         3
 Swiftness                Air            0%         N/A       65%         3
 Arcjolt                  Conj/Air       0%         1d10      100%        5
 Iskenderun's Battlesphe  Conj           0%         2d6       100%        5
 Iron Shot                Conj/Erth      0%         9d1       100%        6
 Spellforged Servitor     Conj/Summ      0%         N/A       100%        7


Dungeon Overview and Level Annotations

Branches:
Dungeon (5/15)             Temple (1/1) D:5

Altars:
Cheibriados
Dithmenos
Elyvilon
Fedhas
Kikubaaqudgha
Makhleb
Nemelex Xobeh
Ru
Sif Muna
Trog
Uskayaw
Vehumet
Wu Jian
Yredelemnul
The Shining One

Shops:
D:5 [

Annotations:
D:4 exclusions: oklob plant and statue
D:5 1 runed translucent door, Crazy Yiuf


Innate Abilities, Weirdness & Mutations

You are very small and have problems with some larger weapons.
You are too small for most types of armour.
You have supernaturally acute eyesight. (SInv)
You cover ground extremely quickly. (Speed+++)


Message History

You are too confused!
Unknown command.
Okay, then.
The bat completely misses you.
Unknown command.
You are caught in the web!
There is a web here.
Unknown command.
You disentangle yourself.
The bat barely misses you.
Unknown command.
The bat completely misses you.
Unknown command.
You barely miss the orc.
The bat is caught in a web!
The bat pulls away from the web.
The orc wizard completely misses you.
Unknown command.
The bat completely misses you.
The bat is caught in a web!
Unknown command.
You bump into the rock wall.
The bat struggles to get unstuck from the web.
The bat pulls away from the web.
Unknown command.
Unknown command.
You are caught in the web!
You feel less confused. The bat closely misses you.
The bat is caught in a web!
There is a web here.
Unknown command.
You struggle to detach yourself from the web.
The bat pulls away from the web.
The bat hits you.
The orc wizard gestures at you while chanting.
The puff of flame hits you!
* * * LOW HITPOINT WARNING * * *
Unknown command.
Unknown command.
You aren't carrying any potions.
Unknown command.
You disentangle yourself.
The bat evades a web.
The bat barely misses you.
Unknown command.
The orc completely misses you. The orc hits you with a -2 morningstar.
You die...

..........####..# ###>######.# #.
.........#...#..# #....# #.###.
........######### ###### ##.##.
.......###^^#### ### #..#.
......####...#.. #.####....
.....##.^^...#)# #....#....
.....# ..#.^^^.. ###.........
.....###...^...#####..s#...#...#.
.......###.....o@#..# #......##.
........####)..oo^## ###...##..#.
.........# ####.^###.#...####....
.........### ##b###.....###.....
...........# ##..####.###......
...........# ####^..##)........
..........######.####.##........#
..........###.......##.#...###...
..............###.........####...


You could see an orc wizard (invisible), 2 orcs and a bat.

Vanquished Creatures
  Pikel (D:5)
  Sigmund (D:5)
  Menkaure (D:4)
  A phantom (D:5)
  A bullfrog (D:3)
  5 scorpions
  2 hounds (D:5)
  An orc wizard (D:3)
  10 adders
  2 white imps (D:5)
  An ufetubus (D:4)
  A worm (D:2)
  8 orcs
  2 bats (D:5)
  2 endoplasms
  A giant cockroach (D:4)
  4 goblins
  2 hobgoblins
  3 kobolds
  2 quokkas (D:2)
  4 ball pythons
  2 frilled lizards
  2 rats (D:3)
59 creatures vanquished.

Vanquished Creatures (others)
  4 fungi (D:5)
  6 plants (D:5)
  12 toadstools (D:4)
22 creatures vanquished.

Grand Total: 81 creatures vanquished

Notes
Turn   | Place    | Note
-------+----------+-------------------------------------------
     0 | D:5      | ponyjar the Spriggan Delver began the quest for the Orb.
     0 | D:5      | Reached XP level 1. HP: 11/11 MP: 2/2
   164 | D:4      | Noticed Menkaure
   360 | D:5      | Noticed a hound
   371 | D:5      | Killed a hound
   372 | D:5      | Reached XP level 2. HP: 10/16 MP: 3/3
   372 | D:5      | Reached XP level 3. HP: 12/19 MP: 4/4
   492 | D:5      | Found Rube Vag Heo's Antique Armour Shop.
   568 | D:5      | Found a staircase to the Ecumenical Temple.
   606 | Temple   | Entered the Ecumenical Temple
   798 | Temple   | Became a worshipper of Dithmenos the Shadowed
   828 | D:5      | Noticed Sigmund
   910 | D:4      | Found a radiant altar of Vehumet.
   910 | D:4      | Noticed a charred statue
  1781 | D:4      | Upgraded the game from 0.30-a0-140-gd1020e658a to
                  | 0.30-a0-297-g0ec75d9ef4
  1979 | D:3      | Reached XP level 4. HP: 18/23 MP: 5/5
  2300 | D:2      | Found the +11 plutonium sword {Contam Stlth-}
  2323 | D:2      | Reached skill level 8 in Stealth
  3045 | D:3      | Noticed a bullfrog
  3069 | D:3      | Killed a bullfrog
  3070 | D:3      | Reached XP level 5. HP: 9/28 MP: 6/6
  3736 | D:4      | Found a blossoming altar of Fedhas.
  3747 | D:4      | Noticed an oklob plant
  3913 | D:4      | Killed Menkaure
  3914 | D:4      | Reached skill level 5 in Dodging
  3914 | D:4      | Reached XP level 6. HP: 13/32 MP: 7/7
  4645 | D:5      | Noticed Pikel
  4866 | D:5      | Reached skill level 9 in Stealth
  5135 | D:5      | Killed Pikel
  5136 | D:5      | Reached skill level 5 in Short Blades
  5136 | D:5      | Reached skill level 10 in Stealth
  5136 | D:5      | Reached XP level 7. HP: 26/38 MP: 8/8
  5199 | D:5      | Reached * piety under Dithmenos
  5200 | D:5      | Reached XP level 8. HP: 23/42 MP: 9/9
  5691 | D:5      | Found a runed translucent door.
  5692 | D:5      | Noticed Crazy Yiuf
  5952 | D:5      | Killed Sigmund
  6493 | D:5      | Slain by an orc

Illustrated notes

Levels and vault maps discovered:
D:2:      layout_loops_ring
D:3:      layout_basic
D:4:      layout_layer_cave, tgw_fedhas, vehumet_statue, uniq_menkaure
D:5:      old_forge, layout_layer_cave, minmay_temple_entry_gardened_gates,
          serial_shops, kennysheep_mini_moat, uniq_pikel,
          uniq_crazy_yiuf_cottage, uniq_sigmund
Temple:   nicolae_temple_bog_church

Skill      XL: |  1  2  3  4  5  6  7  8 |
---------------+-------------------------+-----
Dodging        | 3 4 5 6 7 |  7.4
Short Blades   | 3 4 5 6 |  6.0
Fighting       | 3 4 |  4.9
Stealth        | 8 10 | 10.8

Action                   |  1- 3 |  4- 6 |  7- 9 || total
-------------------------+-------+-------+-------++-------
Melee: Short sword       |    87 |   232 |   121 ||   440
       Punch             |     1 |     4 |     2 ||     7
       Unarmed           |       |       |     7 ||     7
Evoke: Wand              |     2 |       |       ||     2
  Use: Scroll            |     2 |     6 |       ||     8
       Potion            |       |    10 |     1 ||    11
 Stab: Sleeping          |     3 |     6 |     1 ||    10
       Distracted        |       |     1 |     1 ||     2
Armor: Robe              |     6 |    10 |     6 ||    22
       Skin              |       |       |     4 ||     4
Dodge: Dodged            |    69 |   179 |   105 ||   353

Table legend: (Time is in decaauts)
 A = Elapsed time spent in this place.
 B = Non-inter-level travel time spent in this place.
 C = Inter-level travel time spent in this place.
 D = Time resting spent in this place.
 E = Time spent auto-exploring this place.
 F = Levels seen in this place.
 G = Mean time per level.
                   A        B        C        D        E       F      G
               +--------+--------+--------+--------+--------+-----+--------+
         Total |   4977 |   4900 |     77 |   1252 |   2768 |   5 |  995.4 |
       Dungeon |   4557 |   4490 |     67 |   1034 |   2630 |   4 | 1139.2 |
        Temple |    419 |    409 |     10 |    218 |    138 |   1 |  419.0 |
               +--------+--------+--------+--------+--------+-----+--------+

Top non-repeatable levels by time:
     D:5: 1910 daAuts
     D:4: 1622 daAuts
     D:3: 569 daAuts
     D:2: 455 daAuts
  Temple: 419 daAuts
